AoeStats
← Sorrisinho de Classe

Arabia

507844189Analyzed
1v1 RM · 13d ago on Sep 19, 2026· 30m 13s· 2 players
Game mode
Random Map
Map size
Tiny (2 player)
Population
200
Speed
Normal
Resources
Standard
Victory
Conquest
Starting age
Dark Age
Ending age
Imperial Age
RankedLock teamsTeams togetherTeam positionsShared explorationLock speedFull tech treeHidden civsTurbo modeCheats
Victory
Defeat
🇧🇷 Malians · Brazil
822
+16
🇦🇷 Bulgarians · Argentina
821
-16
Tradermots
0:30 Loom
10:59 Feudal Age
16:25 Arson
19:54 Wheelbarrow
20:06 Forging
19:56 Scale Mail Armor
29:11 Fletching
29:58 Bloodlines
Sorrisinho de Classe
10:44 Feudal Age
10:09 Loom
13:20 Man-at-Arms
24:30 Castle Age
23:24 Stone Mining
23:22 Double-Bit Axe
23:24 Horse Collar
23:44 Fletching
24:28 Forging
24:41 Scale Mail Armor
25:12 Crossbowman
26:16 Long Swordsman
28:45 Bodkin Arrow
Connection lost

Rejoining the realm…

Still unreachable

The connection could not be restored.

Session expired

The server has moved on; the page needs a fresh start.